 Dungeon Crawl Stone Soup version 0.32-a0-350-g4f4d228785 (webtiles) character file.

Game seed: 4530284919009520938

247 Bobbunny the Trooper (level 5, -5/50 HPs)
             Began as a Minotaur Hexslinger on Feb 18, 2024.
             Slain by an ogre
             ... wielding a +0 giant club
              (14 damage)
             ... on level 4 of the Dungeon.
             The game lasted 00:03:02 (2943 turns).

Bobbunny the Trooper (Minotaur Hexslinger)          Turns: 2943, Time: 00:03:02

Health: -5/50      AC:  7    Str: 15    XL:     5   Next: 85%
Magic:  5/5        EV: 11    Int: 10    God:
Gold:   203        SH:  0    Dex: 12    Spells: 6/6 levels left

rFire   . . .        l - +0 whip
rCold   . . .        (no shield)
rNeg    . . .        e - +0 ring mail
rPois   .            (helmet restricted)
rElec   .            p - +1 cloak
rCorr   .            (no gloves)
SInv    .            (no boots)
Will    .....        (no amulet)
Stlth   +            (no ring)
HPRegen 0.28/turn    (no ring)
MPRegen 0.09/turn

%: no passive effects
@: no status effects
A: horns 2, retaliatory headbutt
a: no special abilities


You were on level 4 of the Dungeon.
You visited 1 branch of the dungeon, and saw 4 of its levels.

You collected 203 gold pieces.

Inventory:

Hand Weapons
 l - a +0 whip (weapon)
Missiles
 c - 2 silver javelins
 f - 3 poisoned darts
 n - a boomerang (quivered)
Armour
 e - a +0 ring mail (worn)
 p - a +1 cloak (worn)
Jewellery
 q - an amulet of magic regeneration
 t - a +4 ring of protection
Scrolls
 b - 2 scrolls of poison
 g - 3 scrolls of fear {unknown}
 i - a scroll of immolation {unknown}
 m - a scroll of fog {unknown}
 r - 2 scrolls of identify {unknown}
 s - a scroll of enchant weapon {unknown}
Potions
 a - a potion of mutation {unknown}
 d - a potion of curing {unknown}
 h - a potion of degeneration {unknown}
 j - 2 potions of heal wounds {unknown}
 k - 2 potions of ambrosia {unknown}
 o - a potion of cancellation {unknown}


   Skills:
 + Level 5.8 Fighting
 + Level 3.1 Maces & Flails
 - Level 2.1 Ranged Weapons
 - Level 2.0 Armour
 - Level 2.1 Dodging
 - Level 1.0 Spellcasting
 - Level 2.0 Hexes
 - Level 0.6 Fire Magic


You had 6 spell levels left.
You didn't know any spells.
Your spell library contained the following spells:

 Spells                   Type           Power      Damage    Failure   Level
 Jinxbite                 Hex            8%         N/A       41%         2
 Necrotise                Necr           0%         1d4       54%         1
 Sandblast                Erth           0%         2d4       54%         1
 Sting                    Conj/Alch      0%         1d3       54%         1
 Sigil of Binding         Hex            4%         N/A       65%         3
 Cigotuvi's Dreadful Rot  Necr/Alch/Air  0%         N/A       69%         2
 Mercury Vapours          Alch/Air       0%         N/A       69%         2
 Inner Flame              Hex/Fire       3%         N/A       75%         3
 Passwall                 Erth           0%         N/A       89%         3
 Stone Arrow              Conj/Erth      0%         3d7       89%         3
 Vampiric Draining        Necr           0%         2d6       89%         3
 Cause Fear               Hex            2%         N/A       96%         4
 Dimensional Bullseye     Hex/Tloc       1%         N/A       99%         4
 Ignite Poison            Fire/Alch      1%         N/A       99%         4
 Brom's Barrelling Bould  Conj/Erth      0%         2d3       100%        4
 Martyr's Knell           Necr/Summ      0%         N/A       100%        4
 Olgreb's Toxic Radiance  Alch           0%         N/A       100%        4
 Curse of Agony           Necr           0%         N/A       100%        5
 Freezing Cloud           Conj/Ice/Air   0%         6-21      100%        5


Dungeon Overview and Level Annotations

Branches:
Dungeon (4/15)
 Temple: D:4-7

Altars:

Annotations:
D:3 2 transporters, Biggs's ghost, amateur OpSh


Innate Abilities, Weirdness & Mutations

You have a pair of horns on your head.
You reflexively headbutt those who attack you in melee.


Message History

Okay, then.
Throw: 4 darts (poison)
Press: ? - help, Shift-Dir - straight line, f - ogre
Aim: an ogre, wielding a +0 giant club (72% to hit)
You throw a poisoned dart.
The poisoned dart barely misses the ogre.
The ball python hisses angrily.
You barely miss the ogre. The ogre completely misses you.
You hit the ogre but do no damage. You headbutt the ogre.
The ogre is lightly wounded.
The ogre hits you with a +0 giant club!!
You hit the ogre.
The ogre is moderately wounded.
A kobold comes into view.
It is wielding a +0 short sword and quivering poisoned darts.
The kobold shouts!
You hit the ogre. Your headbutt misses the ogre.
The ogre is moderately wounded.
You hear a shout!
The ogre barely misses you. You furiously retaliate!
You headbutt the ogre, but do no damage.
You barely miss the ogre.
The ogre is moderately wounded.
The ogre barely misses you.
You hit the ogre.
You headbutt the ogre, but do no damage.
The ogre is heavily wounded.
You barely miss the ogre. You headbutt the ogre.
The ogre is heavily wounded.
The ogre barely misses you.
You barely miss the ogre. You headbutt the ogre.
The ogre is severely wounded.
You barely miss the ogre.
The ogre is severely wounded.
The ogre hits you with a +0 giant club!!
Ouch! That really hurt!
* * * LOW HITPOINT WARNING * * *
You hit the ogre.
The ogre is severely wounded.
The ogre hits you with a +0 giant club!
You die...

....#..###...##.#.###..#.#
#.#### ~~~..........+....#
#.# #.
.~~~≈#####...##.#### #
..)~≈≈..............
...#~####....######
...+...>...##.....#
...####.##.##.##.##
......#.##...)##.#
..###.#..#######@#
...............#O#
........#.####.#S#
#.......#.# #S#
#.#.....#.. #K# #.......#
.. ..# ###.....# ... ...#
.###### ....... .. ......


You could see an ogre, 2 ball pythons and a kobold.

Vanquished Creatures
  An iguana (D:4)
  An orc wizard (D:3)
  4 gnolls
  An adder (D:2)
  5 dart slugs
  A ribbon worm (D:2)
  7 orcs
  9 ball pythons
  7 endoplasms
  3 giant cockroaches
  8 goblins
  8 hobgoblins
  10 kobolds
  A quokka (D:4)
  4 bats
  4 frilled lizards
  3 rats
77 creatures vanquished.

Notes
Turn   | Place    | Note
-------+----------+-------------------------------------------
     0 | D:1      | Bobbunny the Minotaur Hexslinger began the quest for the
                  | Orb.
     0 | D:1      | Reached XP level 1. HP: 16/16 MP: 1/1
    87 | D:1      | Reached skill level 1 in Armour
   153 | D:1      | Reached skill level 2 in Fighting
   153 | D:1      | Reached XP level 2. HP: 24/24 MP: 2/2
   668 | D:1      | Reached XP level 3. HP: 30/30 MP: 3/3
  1068 | D:2      | Reached skill level 3 in Fighting
  1274 | D:2      | Reached skill level 4 in Fighting
  1323 | D:2      | Reached XP level 4. HP: 40/40 MP: 4/4
  2006 | D:3      | Reached skill level 1 in Maces & Flails
  2011 | D:3      | Reached skill level 5 in Fighting
  2012 | D:3      | Reached XP level 5. HP: 41/48 MP: 5/5
  2053 | D:3      | Noticed Biggs's ghost (amateur OpSh)
  2057 | D:3      | Found a transporter.
  2060 | D:3      | Found a transporter.
  2062 | D:3      | Noticed a phantom
  2684 | D:3      | Found a faded altar of an unknown god.
  2927 | D:4      | Noticed an ogre
  2943 | D:4      | Slain by an ogre

Illustrated notes

Levels and vault maps discovered:
D:1:      ncdulo_smallfort, layout_basic
D:2:      layout_loops_ring, dk_vineyard_2, st_stairs_14
D:3:      layout_loops_ring, shapermc_ecumenical_altar_hornbeckon,
          gammafunk_ghost_mausoleum
D:4:      gammafunk_steamed_eel, layout_basic, chequers_serial_rivers_small_a,
          grunt_ministairs_3, item_on_display_a

Skill      XL: |  1  2  3  4  5 |
---------------+----------------+-----
Armour         | 1 2 |  2.0
Fighting       | 2 4 5 |  5.8
Maces & Flails | 1 3 |  3.1
Ranged Weapons | |  2.1
Dodging        | |  2.1
Spellcasting   | |  1.0
Hexes          | |  2.0
Fire Magic     | |  0.6

Action                     |  1- 3 |  4- 6 || total
---------------------------+-------+-------++-------
  Melee: Short sword       |    86 |    25 ||   111
         Headbutt          |    14 |    32 ||    46
         Whip              |       |   109 ||   109
   Fire: Sling             |     1 |       ||     1
  Throw: Dart              |       |     1 ||     1
 Armour: Ring mail         |    50 |    82 ||   132
  Dodge: Dodged            |    58 |    78 ||   136

Table legend: (Time is in decaauts)
 A = Elapsed time spent in this place.
 B = Non-inter-level travel time spent in this place.
 C = Inter-level travel time spent in this place.
 D = Time resting spent in this place.
 E = Time spent auto-exploring this place.
 F = Levels seen in this place.
 G = Mean time per level.
                   A        B        C        D        E       F      G
               +--------+--------+--------+--------+--------+-----+--------+
         Total |   2947 |   2753 |    194 |    127 |   2055 |   4 |  736.8 |
       Dungeon |   2947 |   2753 |    194 |    127 |   2055 |   4 |  736.8 |
               +--------+--------+--------+--------+--------+-----+--------+

Top non-repeatable levels by time:
     D:1: 1155 daAuts
     D:2: 852 daAuts
     D:3: 734 daAuts
     D:4: 204 daAuts
